 Dungeon Sprint DCSS version 0.20-a0-507-gc86f373 (console) character file.

1138 sorlin the Nimble (level 8, 0/48 HPs)
             Began as a Deep Elf Fire Elementalist on Jan 21, 2017.
             Was an Elder of Sif Muna.
             Hit by a large rock thrown by a cyclops (45 damage)
             ... in the Dungeon (Sprint IX: "|||||||||||||||||||||||||||||").
             The game lasted 00:12:53 (1513 turns).

sorlin the Nimble (Deep Elf Fire Elementalist)      Turns: 1513, Time: 00:12:53

Health: 0/48       AC:  4    Str:  8    XL:     8   Next: 14%
Magic:  16/22      EV: 19    Int: 26    God:    Sif Muna [****..]
Gold:   0          SH:  0    Dex: 15    Spells: 6/24 levels left

rFire    . . .     SeeInvis .   n - staff of energy
rCold    . . .     Gourm    .   a - +0 robe
rNeg     . . .     Faith    .   (no shield)
rPois    .         Spirit   .   (no helmet)
rElec    .         Reflect  .   r - +0 cloak
rCorr    .         Harm     .   (no gloves)
MR       .....     NoTele   +   h - +0 pair of boots
Stlth    ++........             (no amulet)
Regen    0.2/turn               u - +3 ring of strength
                                t - +3 ring of intelligence

@: no status effects
A: no striking features
a: Divine Energy, Channel Magic, Forget Spell, Renounce Religion


You were in the Dungeon.
You worshipped Sif Muna.
Sif Muna was greatly pleased with you.
You were not hungry.

You visited 1 branch


   Skills:
 + Level 4.9 Fighting
 + Level 10.0 Dodging
 - Level 2.4 Stealth
 - Level 8.5 Spellcasting
 + Level 9.3 Conjurations
 - Level 6.1 Hexes
 + Level 9.5 Fire Magic
 + Level 5.0 Invocations


You had 6 spell levels left.
You knew the following spells:

 Your Spells              Type           Power        Failure   Level  Hunger
a - Flame Tongue          Conj/Fire      #####        1%          1    None
d - Conjure Flame         Conj/Fire      ######..     1%          3    None
e - Sticky Flame          Conj/Fire      ######..     1%          4    None
q - Inner Flame           Hex/Fire       ######..     1%          3    None
s - Throw Flame           Conj/Fire      ######       1%          2    None
w - Fireball              Conj/Fire      ######....   3%          5    None

Inventory:

Hand Weapons
 p - a +0 lajatang
 q - a +2 rapier of distortion
   (You found it in the Dungeon)
Armour
 a - a +0 robe (worn)
 h - a +0 pair of boots (worn)
 r - a +0 cloak (worn)
 s - a +2 ring mail
Magical Staves
 n - an uncursed staff of energy (weapon)
Jewellery
 t - a +3 ring of intelligence (left hand)
 u - a +3 ring of strength (right hand)
Wands
 m - a wand of iceblast (2/15)
Scrolls
 i - a scroll of blinking
 l - 3 scrolls of remove curse
 o - 2 scrolls of amnesia
Potions
 d - 5 potions of curing
 f - a potion of haste {!q}
 g - 3 potions of magic {!q}
Books
 b - a book of Flames

   Spells                             Type                      Level
   a - Flame Tongue                   Conjuration/Fire             1
   b - Throw Flame                    Conjuration/Fire             2
   c - Conjure Flame                  Conjuration/Fire             3
   d - Inner Flame                    Hexes/Fire                   3
   e - Sticky Flame                   Conjuration/Fire             4
   f - Fireball                       Conjuration/Fire             5


Message History

The flame tongue hits the slime creature.
The slime creature is almost dead.
The slime creature burns!
The slime creature stops burning.
The slime creature barely misses you.
Aiming: Inner Flame
Aim: a slime creature (almost dead, chance to defeat MR: 84%)
Okay, then.
Aiming: Sticky Flame
Aim: a slime creature (almost dead)
The sticky flame hits the slime creature.
The slime creature is almost dead.
The slime creature is covered in liquid flames!
The slime creature burns!
You kill the slime creature!
Sif Muna accepts your kill.
Your Dodging skill increases to level 10!
Your Invocations skill increases to level 5!
You have reached level 8!
You feel clever.
You close the door.
Things that are here:
a trident; a leather armour
Things that are here:
a short sword of venom; a robe
Items here: )) [[ a war axe; a chain mail; a short sword; a leather armour
There is an open door to the Dungeon here.
You start resting.
Magic restored.
You start resting.
Unknown command.
Okay, then.
Aiming: Conjure Flame
Okay, then.
You can't see any susceptible monsters within range! (Use Z to cast anyway.)
Aiming: Throw Flame
Aim: a cyclops (hasn't noticed you)
The puff of flame hits the cyclops.
The cyclops is lightly wounded.
The cyclops shouts!
Aiming: Throw Flame
Aim: a cyclops (lightly wounded)
The puff of flame hits the cyclops.
The cyclops is moderately wounded.
Aiming: Throw Flame
Aim: a cyclops (moderately wounded)
The puff of flame hits the cyclops.
The cyclops is moderately wounded.
The cyclops throws a large rock.
The large rock hits you!!!
Ouch! That really hurt!
You die... ███████████████████ █<@..'))C).+.....'_ ███████████████████

You could see a cyclops.

Vanquished Creatures
  A centaur warrior (D)
  A slime creature (D)
  2 orc warriors (D)
  A killer bee (D)
  A wight (D)
  A worker ant (D)
  A worm (D)
  A leopard gecko (D)
  2 orcs (D)
  A ball python (D)
  2 bats (D)
  A bat zombie (D)
  A giant cockroach (D)
  A hobgoblin (D)
  A rat (D)
18 creatures vanquished.

Notes
Turn   | Place    | Note
-------+----------+-------------------------------------------
     0 | D        | sorlin the Deep Elf Fire Elementalist began the quest for the Orb.
     0 | D        | Reached XP level 1. HP: 10/10 MP: 6/6
    11 | D        | Reached skill level 2 in Conjurations
    20 | D        | Reached skill level 3 in Conjurations
    25 | D        | HP: 3/10 [bat (1)]
    28 | D        | HP: 1/10 [bat (1)]
    29 | D        | Reached skill level 4 in Spellcasting
   296 | D        | Reached XP level 2. HP: 15/15 MP: 2/9
   302 | D        | Reached skill level 3 in Dodging
   342 | D        | Found a roughly hewn altar of Beogh.
   342 | D        | Found a snail-covered altar of Cheibriados.
   342 | D        | Found a shadowy altar of Dithmenos.
   342 | D        | Found a white marble altar of Elyvilon.
   342 | D        | Found a blossoming altar of Fedhas.
   342 | D        | Found an opulent altar of Gozag.
   343 | D        | Found a hazy altar of Hepliaklqana.
   405 | D        | Found a viscous altar of Jiyva.
   406 | D        | Found an ancient bone altar of Kikubaaqudgha.
   407 | D        | Found a corrupted altar of Lugonu.
   408 | D        | Found a burning altar of Makhleb.
   409 | D        | Found a sparkling altar of Nemelex Xobeh.
   410 | D        | Found an iron altar of Okawaru.
   411 | D        | Found a stormy altar of Qazlal.
   412 | D        | Found a sacrificial altar of Ru.
   413 | D        | Found a deep blue altar of Sif Muna.
   414 | D        | Found a bloodstained altar of Trog.
   415 | D        | Found a hide-covered altar of Uskayaw.
   420 | D        | Found a radiant altar of Vehumet.
   421 | D        | Found a shimmering altar of Xom.
   422 | D        | Found a basalt altar of Yredelemnul.
   423 | D        | Found a glowing silver altar of Zin.
   424 | D        | Found a glowing golden altar of the Shining One.
   425 | D        | Became a worshipper of Sif Muna the Loreminder
   475 | D        | Learned a level 2 spell: Throw Flame
   475 | D        | Noticed an orc warrior
   475 | D        | Noticed a wight
   475 | D        | Noticed a killer bee
   475 | D        | Noticed an orc warrior
   482 | D        | Reached skill level 4 in Dodging
   482 | D        | Reached skill level 4 in Conjurations
   482 | D        | Reached skill level 4 in Fire Magic
   482 | D        | Reached XP level 3. HP: 12/19 MP: 3/10
   532 | D        | Learned a level 3 spell: Conjure Flame
   537 | D        | Killed an orc warrior
   537 | D        | Reached * piety under Sif Muna
   537 | D        | Reached skill level 6 in Dodging
   537 | D        | Reached skill level 6 in Conjurations
   537 | D        | Reached skill level 6 in Fire Magic
   537 | D        | Reached XP level 4. HP: 19/24 MP: 3/12
   539 | D        | Reached XP level 5. HP: 23/28 MP: 3/13
   540 | D        | Reached ** piety under Sif Muna
   540 | D        | Reached skill level 1 in Fighting
   540 | D        | Reached skill level 7 in Dodging
   540 | D        | Reached skill level 7 in Fire Magic
   649 | D        | Reached skill level 2 in Fighting
   649 | D        | Reached skill level 5 in Spellcasting
   649 | D        | Reached skill level 7 in Conjurations
   654 | D        | Learned a level 3 spell: Inner Flame
   659 | D        | Learned a level 4 spell: Sticky Flame
   856 | D        | Killed an orc warrior
   856 | D        | Reached *** piety under Sif Muna
   856 | D        | Reached skill level 8 in Dodging
   856 | D        | Reached skill level 6 in Spellcasting
   856 | D        | Reached skill level 2 in Hexes
   856 | D        | Reached XP level 6. HP: 36/36 MP: 0/17
   986 | D        | Noticed a centaur warrior
   986 | D        | Noticed a slime creature
   986 | D        | Noticed a cyclops
   986 | D        | Noticed a slime creature
   986 | D        | Noticed a cyclops
   986 | D        | Noticed a gargoyle
   986 | D        | HP: 6/36 [centaur warrior/arrow (30)]
   995 | D        | HP: 8/36 [centaur warrior (13)]
   996 | D        | Killed a centaur warrior
   996 | D        | Reached **** piety under Sif Muna
   996 | D        | Reached skill level 4 in Fighting
   996 | D        | Reached skill level 9 in Dodging
   996 | D        | Reached skill level 8 in Spellcasting
   996 | D        | Reached skill level 9 in Conjurations
   996 | D        | Reached skill level 6 in Hexes
   996 | D        | Reached skill level 9 in Fire Magic
   996 | D        | Reached skill level 4 in Invocations
   996 | D        | Reached XP level 7. HP: 10/44 MP: 12/21
  1314 | D        | Learned a level 5 spell: Fireball
  1384 | D        | Killed a slime creature
  1384 | D        | Reached skill level 10 in Dodging
  1384 | D        | Reached skill level 5 in Invocations
  1384 | D        | Reached XP level 8. HP: 25/48 MP: 5/22
  1513 | D        | Hit by a large rock thrown by a cyclops

Vault maps used:
D:        linesprint

Action                   |  1- 3 |  4- 6 |  7- 9 || total
-------------------------+-------+-------+-------++-------
Melee: Unarmed           |    12 |       |       ||    12
 Cast: Flame Tongue      |    24 |    21 |     5 ||    50
       Conjure Flame     |     1 |     2 |       ||     3
       Throw Flame       |       |     1 |     3 ||     4
       Sticky Flame      |       |     1 |     2 ||     3
Evoke: Wand              |       |     5 |       ||     5
  Use: Potion            |     2 |     4 |       ||     6
       Scroll            |     1 |       |       ||     1
  Eat: Bread ration      |       |       |     1 ||     1
Armor: Robe              |    10 |       |       ||    10
Dodge: Dodged            |    19 |     6 |     6 ||    31
